 Dungeon Crawl Stone Soup version 0.18-a0-1805-g8ab820f (webtiles) character file.

31 st0uf the Skirmisher (level 3, -1/33 HPs)
             Began as a Draconian Fighter on Apr 25, 2016.
             Slain by a gnoll (2 damage)
             ... on level 2 of the Dungeon.
             The game lasted 00:02:54 (1478 turns).

st0uf the Skirmisher (Draconian Fighter)            Turns: 1478, Time: 00:02:54

Health: -1/33      AC:  5    Str: 18    XL:     3   Next: 7%
Magic:  3/3        EV: 10    Int:  9    God:
Gold:   62         SH:  9    Dex: 10    Spells: 0 memorised, 2 levels left

rFire  . . .     SeeInvis .       - Unarmed
rCold  . . .     Gourm    .     (armour unavailable)
rNeg   . . .     Faith    .     a - +0 shield
rPois  .         Spirit   .     (helmet restricted)
rElec  .         Dismiss  .     (no cloak)
rCorr  .         Reflect  .     (no gloves)
SustAt .         Harm     .     (no boots)
MR     .....                    (no amulet)
Stlth  +.........               (no ring)
                                (no ring)

@: not resistant to hostile enchantments, very unstealthy
A: unfitting armour, cold-blooded, AC +5
a: no special abilities


You were on level 2 of the Dungeon.
You were hungry.

You visited 1 branch of the dungeon, and saw 2 of its levels.

You collected 62 gold pieces.

Inventory:

Armour
 a - a +0 shield (worn)
Scrolls
 d - a scroll of amnesia {unknown}
 f - a scroll of enchant weapon {unknown}
 i - 2 scrolls of recharging {unknown}
 k - a scroll of identify {unknown}
Potions
 b - 3 potions of might
 e - 2 potions of flight {unknown}
 g - a potion of curing {unknown}
 h - 2 potions of lignification {unknown}
 l - a potion of cure mutation {unknown}
 n - a potion of haste {unknown}
Comestibles
 c - a bread ration
 j - a beef jerky
 m - a slice of pizza


   Skills:
 + Level 3.7 Fighting
 + Level 3.1 Dodging
 + Level 3.3 Shields
 + Level 2.2 Unarmed Combat


You had 2 spell levels left.
You didn't know any spells.

Dungeon Overview and Level Annotations

Branches:
Dungeon (2/15)

Altars:
The Shining One


Innate Abilities, Weirdness & Mutations

Your plain brown scales are hard (AC +5).
Your body does not fit into most forms of armour.
You are cold-blooded and may be slowed by cold attacks.


Message History

k - a scroll labeled YTIVEPR DYCLU The gnoll shouts!
You hear a shout! x2
Found a beef jerky.
The gnoll shouts!
The gnoll hits you with a spear!
You hit the gnoll but do no damage. The gnoll hits you but does no damage.
You barely miss the gnoll. The gnoll hits you with a spear.
The gnoll hits you with a club! You block the gnoll's attack. x2
An ooze comes into view.
The ooze quivers.
You hit the ooze.
The ooze is moderately wounded.
You block the gnoll's attack. The ooze closely misses you.
The gnoll hits you from afar with a spear!
* * * LOW HITPOINT WARNING * * *
You hit the ooze.
The ooze is heavily wounded.
The gnoll hits you.
You die...

#......♣ # #.
#..###♣♣♣ #.
#>.###♣♣P. ... #.
#.....♣.P. #g.
#######. ##.##.♣PP.♣♣♣
g.. ........
#.##.♣♣..♣.# ...
#######. #.#..#♣.♣..#
#.## #g
#.#.###.#.%#####......
#. #.#.###...ggg@J...#
#.#######g
#....####.#######.#
#.ggg.g(g. #.........#
#.######## ##...######
... ##.## #### #.# #.#
#.. ##


You could see 3 gnolls and an ooze.

Vanquished Creatures
  A worm (D:2)
  A dart slug (D:1)
  2 giant geckos (D:2)
  2 bats (D:1)
  2 goblins (D:1)
  2 hobgoblins (D:1)
  5 jackals (D:1)
  5 kobolds
  A rat (D:1)
21 creatures vanquished.

Notes
Turn   | Place    | Note
--------------------------------------------------------------
     0 | D:1      | st0uf the Draconian Fighter began the quest for the Orb.
     0 | D:1      | Reached XP level 1. HP: 19/19 MP: 1/1
    90 | D:1      | Reached XP level 2. HP: 22/26 MP: 2/2
   106 | D:1      | Found a glowing golden altar of the Shining One.
  1443 | D:2      | Reached XP level 3. HP: 33/33 MP: 3/3
  1477 | D:2      | HP: 1/33 [gnoll/spear (10)]
  1478 | D:2      | Slain by a gnoll

Vault maps used:
D:1:      dpeg_arrival_oval, minmay_hedge_maze, serial_bayou_pond_c,
          tso_metal_star
D:2:      serial_forest, infiniplex_forest_pool, infiniplex_forest_end_3,
          infiniplex_forest_straight_2, infiniplex_forest_fountain,
          infiniplex_forest_end_3, infiniplex_forest_clump_tiny,
          infiniplex_forest_zigzag_1, uniq_jessica, uniq_crazy_yiuf_cottage

Skill      XL: |  1  2 |
---------------+-------+-----
Dodging        | 3 |  3.1
Fighting       | |  3.7
Shields        | |  3.3
Unarmed Combat | |  2.2

Action                   || total
-------------------------++-------
Melee: Unarmed           ||   117
       Tailslap          ||    13
  Eat: Chunk             ||     1
Armor: Skin              ||    32
Dodge: Dodged            ||    40
Block: Shield            ||    61
